 Dungeon Crawl Stone Soup version 0.31.0-11-ge490571c62 (webtiles) character file.

Game seed: 10906103885691583292

14070 Bobbunny the Fighter (level 11, 0/97 HPs)
             Began as a Demigod Fire Elementalist on Jan 29, 2024.
             Slain by a minotaur
             ... wielding a +3 mace of protection
              (28 damage)
             ... in a Gauntlet on Jan 30, 2024.
             The game lasted 00:25:31 (13097 turns).

Bobbunny the Fighter (Demigod Fire Elementalist)   Turns: 13097, Time: 00:25:31

Health: 0/97       AC:  9    Str: 23    XL:     11   Next: 54%
Magic:  29/34      EV: 12    Int: 21    God:
Gold:   663        SH:  0    Dex: 14    Spells: 16/23 levels left

rFire   + + .        u - +12 hand axe of Objectivity {speed, ^Drain rC+ Stlth+}
rCold   + + .        (no shield)
rNeg    . . .        L - +0 acid dragon scales
rPois   .            B - +2 hat of the Big Bang {Str+6}
rElec   .            c - scarf {rC+ rF+}
rCorr   +            (no gloves)
SInv    .            z - +0 pair of boots
Will    +....        v - amulet of regeneration
Stlth   +++          A - ring of magical power
HPRegen 1.16/turn    I - ring of protection from fire
MPRegen 0.24/turn

%: no teleportation
@: no status effects
A: high MP 1, forlorn, divine attributes
a: no special abilities


You were in a Gauntlet.
You visited 2 branches of the dungeon, and saw 13 of its levels.
You also visited: Ossuary and Gauntlet.

You collected 806 gold pieces.
You spent 143 gold pieces at shops.

Inventory:

Hand Weapons
 u - the +12 hand axe of Objectivity (weapon) {speed, ^Drain rC+ Stlth+}
   (You took it off a hobgoblin on level 3 of the Dungeon)

   rC+:       It protects you from cold.
   ^Drain:    It drains your maximum health when unequipped.
   Stlth+:    It makes you more stealthy.
 O - the +1 battleaxe of Enich {flame, rPois rF++ Int+4}
   (You found it on level 1 of the Lair of Beasts)

   Int+4:     It affects your intelligence (+4).
   rF++:      It greatly protects you from fire.
   rPois:     It protects you from poison
Missiles
 f - 60 poisoned darts
 J - 3 throwing nets
Armour
 c - a scarf of resistance (worn)
 z - a +0 pair of boots (worn)
 B - the +2 hat of the Big Bang (worn) {Str+6}
   (You found it in a Gauntlet)

   Str+6:     It affects your strength (+6).
 E - a +2 leather armour of cold resistance
 L - +0 acid dragon scales (worn)
Magical Staves
 m - a staff of alchemy
Jewellery
 p - the ring of Mistrust {Will+ AC+4 Str-5 Dex+9}
   (You found it in a Gauntlet)

   [ring of protection]

   AC+4:      It affects your AC (+4).
   Str-5:     It affects your strength (-5).
   Dex+9:     It affects your dexterity (+9).
   Will+:     It increases your willpower.
 v - an amulet of regeneration (around neck)
 A - a ring of magical power (left hand)
 F - an amulet of guardian spirit
 H - a ring of ice
 I - a ring of protection from fire (right hand)
Wands
 s - a wand of iceblast (29)
 y - a wand of flame (17)
 D - a wand of mindburst (12)
 M - a wand of light (4)
Scrolls
 a - a scroll of fear
 e - 12 scrolls of teleportation
 g - 2 scrolls of fog
 h - 2 scrolls of amnesia
 i - 5 scrolls of enchant weapon
 l - 6 scrolls of blinking
 n - 2 scrolls of poison
 r - 5 scrolls of revelation {unknown}
 t - 5 scrolls of immolation {unknown}
 N - a scroll of silence
Potions
 b - 4 potions of magic
 d - 3 potions of mutation
 j - 2 potions of heal wounds
 k - 5 potions of attraction
 o - a potion of invisibility
 q - a potion of resistance
 w - 6 potions of curing
 x - a potion of cancellation {unknown}
 C - a potion of ambrosia
 G - a potion of degeneration {unknown}


   Skills:
 + Level 9.1 Fighting
 - Level 8.2 Axes
 - Level 3.0 Armour
 - Level 2.0 Dodging
 - Level 1.7 Stealth
 + Level 6.8 Spellcasting
 + Level 5.9 Conjurations
 + Level 8.4 Fire Magic
 - Level 2.0 Alchemy


You had 16 spell levels left.
You knew the following spells:

 Your Spells              Type           Power      Damage    Failure   Level
a - Foxfire               Conj/Fire      100%       2x1d9     1%          1
b - Scorch                Fire           84%        2d8       1%          2
c - Flame Wave            Conj/Fire      37%        2d10      6%          4

Your spell library contained the following spells:

 Spells                   Type           Power      Damage    Failure   Level
 Sting                    Conj/Alch      92%        1d8       2%          1
 Inner Flame              Hex/Fire       24%        N/A       6%          3
 Volatile Blastmotes      Fire/Tloc      48%        2d14      6%          3
 Dazzling Flash           Conj/Hex       38%        N/A       10%         3
 Apportation              Tloc           14%        N/A       11%         1
 Necrotise                Necr           28%        1d5       11%         1
 Summon Small Mammal      Summ           28%        N/A       11%         1
 Mephitic Cloud           Conj/Alch/Air  18%        N/A       11%         3
 Cigotuvi's Dreadful Rot  Necr/Alch/Air  18%        N/A       13%         2
 Sticky Flame             Fire/Alch      29%        2d7       13%         4
 Gell's Gravitas          Tloc           7%         N/A       32%         3
 Teleport Other           Tloc           7%         N/A       32%         3
 Dispel Undead            Necr           7%         3d8       73%         4
 Martyr's Knell           Necr/Summ      7%         N/A       73%         4
 Passage of Golubria      Tloc           7%         N/A       73%         4
 Curse of Agony           Necr           7%         N/A       97%         5
 Silence                  Hex/Air        3%         N/A       97%         5
 Conjure Ball Lightning   Conj/Air       9%         3x3d6     99%         6
 Death Channel            Necr           3%         N/A       100%        6
 Dispersal                Tloc           3%         N/A       100%        6
 Discord                  Hex            3%         N/A       100%        8
 Disjunction              Tloc           3%         N/A       100%        8
 Lehudib's Crystal Spear  Conj/Erth      9%         10d4      100%        8


Dungeon Overview and Level Annotations

Branches:
Dungeon (11/15)            Temple (0/1) D:6            Lair (2/5) D:10
Ossuary (visited)         Gauntlet (1/1)
  Swamp: Lair:2-3    Shoals: Lair:2-3     Snake: Lair:2-3    Spider: Lair:2-3
    Orc: D:9-12

Shops:
D:3 (   D:4 ?

Annotations:
D:7 2 transporters, browni3141's ghost, novice MiFi
Lair:1 2 transporters, Curundu's ghost, journeyman MiBe Gauntlet 8 transporters, 17 runed translucent doors


Innate Abilities, Weirdness & Mutations

You have an increased reservoir of magic. (+10% MP)
You shall have no god before yourself.
Your divine heritage dramatically boosts your attributes as you level up.


Message History

You start putting on your armour.
You continue putting on the +2 hat of the Big Bang {Str+6}. x5
You finish putting on the +2 hat of the Big Bang {Str+6}.
You feel stronger.
You enter the transporter and appear at another place.
You drop a +0 helmet.
A minotaur comes into view. It is wielding a +3 mace of protection.
The minotaur moves out of view.
Found a wand of iceblast (1).
Found a gate leading back out of this place.
Flames lash the minotaur.
The minotaur bellows!
The minotaur is lightly wounded.
The minotaur's fire resistance burns away.
The minotaur completely misses you. The minotaur gores you.
You hit the minotaur but do no damage.
The minotaur is lightly wounded.
You slash the minotaur!
The minotaur is moderately wounded.
The minotaur hits you with a +3 mace of protection!!
The minotaur gores you.
Flames lash the minotaur.
The minotaur is burned terribly!
The minotaur is heavily wounded.
The minotaur hits you with a +3 mace of protection!
The minotaur gores you.
You are too injured to fight recklessly!
Casting: Scorch (safe; 1% risk of failure)
Confirm with . or Enter, or press ? or * to list all spells.
Flames lash the minotaur.
The minotaur is burned terribly!
The minotaur is heavily wounded.
The minotaur hits you with a +3 mace of protection!!
* * * LOW HITPOINT WARNING * * *
The minotaur gores you but does no damage.
Unknown command.
You hit the minotaur but do no damage.
The minotaur is heavily wounded.
You barely miss the minotaur.
The minotaur is heavily wounded.
The minotaur hits you with a +3 mace of protection!!
You die...

#.............#
#######.#######
#.............#
#.###########.#
#.# .#.# #.#
#### .#.# #.#
#8.8##.#.# #.#
#.∩.H..#.# #.##
#@##.#
#..#.#####.#..#
##.#.......#.##
#.########..#
#....#......#
#############


You could see a minotaur (combustible).

Vanquished Creatures
  A two-headed ogre (D:9)
  A boulder beetle (D:11)
  2 glowing orange brains (Gauntlet)
  An ugly thing (Gauntlet)
  3 meliai (Gauntlet)
  3 cane toads (Lair:1)
  A komodo dragon (Lair:1)
  3 trolls
  Psyche (D:11)
  2 hornets (D:8)
  3 blink frogs (Lair:1)
  2 wyverns
  9 yaks
  3 steam dragons
  An acid dragon (D:10)
  3 water moccasins
  4 sky beasts
  2 black bears
  An ogre (D:7)
  2 ice beasts
  An orc warrior (D:8)
  4 boggarts (D:10)
  6 wolves
  6 centaurs
  2 phantoms
  An elf zombie (D:4)
  2 bullfrogs
  2 kobold brigands
  2 scorpions
  2 gnoll sergeants
  2 burial acolytes (Ossuary)
  11 wights
  5 killer bees (D:7)
  2 howler monkeys
  4 electric eels (D:8)
  2 human zombies (D:4)
  A jelly (D:5)
  4 hounds
  8 orc priests
  A sleepcap (D:6)
  An iguana (D:6)
  11 orc wizards
  13 gnolls
  9 adders
  A shadow imp (D:7)
  2 ufetubi (D:6)
  An adder skeleton (Ossuary)
  2 dart slugs
  3 ribbon worms
  30 orcs
  10 endoplasms
  5 giant cockroaches
  6 goblins
  6 hobgoblins
  3 jackals (D:2)
  19 kobolds
  2 quokkas
  10 ball pythons
  5 ball python skeletons (Ossuary)
  5 bats
  4 frilled lizards
  A hobgoblin skeleton (Ossuary)
  A kobold skeleton (Ossuary)
  2 orc skeletons (Ossuary)
  3 orc zombies (D:4)
  2 rats
273 creatures vanquished.

Vanquished Creatures (others)
  126 foxfires
126 creatures vanquished.

Grand Total: 399 creatures vanquished

Notes
Turn   | Place    | Note
-------+----------+-------------------------------------------
     0 | D:1      | Bobbunny the Demigod Fire Elementalist began the quest for
                  | the Orb.
     0 | D:1      | Reached XP level 1. HP: 14/14 MP: 5/5
   109 | D:1      | Reached skill level 1 in Conjurations
   375 | D:1      | Reached XP level 2. HP: 20/20 MP: 7/7
   409 | D:1      | Learned a level 2 spell: Scorch
  1216 | D:2      | Reached XP level 3. HP: 26/26 MP: 7/9
  2218 | D:3      | Reached XP level 4. HP: 32/33 MP: 3/10
  2640 | D:3      | Identified the +12 hand axe of Objectivity {speed, ^Drain
                  | rC+ Stlth+}
  3005 | D:3      | Found Masahe Cyfus's Weapon Shop.
  3114 | D:4      | Noticed a phantom
  3126 | D:4      | Killed a phantom
  3127 | D:4      | Reached skill level 1 in Axes
  3127 | D:4      | Reached XP level 5. HP: 38/38 MP: 4/12
  3419 | D:4      | Reached XP level 6. HP: 45/45 MP: 1/14
  3491 | D:4      | Found a sand-covered staircase.
  3505 | Ossuary  | Entered an ossuary
  3995 | Ossuary  | Reached skill level 1 in Fighting
  4083 | Ossuary  | Reached skill level 5 in Fire Magic
  4083 | Ossuary  | Reached XP level 7. HP: 50/52 MP: 13/16
  4626 | D:4      | Found Hekloseo's Magic Scroll Boutique.
  4634 | D:4      | Bought a scroll of fog for 44 gold pieces
  4634 | D:4      | Bought a scroll of teleportation for 33 gold pieces
  4634 | D:4      | Bought a scroll of identify for 22 gold pieces
  4634 | D:4      | Bought a scroll of identify for 22 gold pieces
  4634 | D:4      | Bought a scroll of identify for 22 gold pieces
  4701 | D:5      | Entered Level 5 of the Dungeon
  4776 | D:5      | Reached skill level 2 in Fighting
  5124 | D:5      | Reached skill level 3 in Fighting
  5366 | D:5      | Reached XP level 8. HP: 66/66 MP: 12/17
  5465 | D:6      | Reached skill level 5 in Axes
  5477 | D:6      | Reached skill level 4 in Fighting
  5772 | D:6      | Reached skill level 5 in Fighting
  5935 | D:6      | Found a staircase to the Ecumenical Temple.
  6170 | D:6      | Reached skill level 1 in Armour
  6477 | D:7      | Found a transporter.
  6479 | D:7      | Noticed a moth of wrath
  6545 | D:7      | Found a transporter.
  6551 | D:7      | Noticed a troll
  6553 | D:7      | Noticed browni3141's ghost (novice MiFi)
  6666 | D:7      | Reached XP level 9. HP: 74/74 MP: 19/19
  7746 | D:8      | Reached skill level 6 in Fighting
  7746 | D:8      | Reached skill level 5 in Spellcasting
  8777 | D:8      | Reached skill level 7 in Fighting
  8777 | D:8      | Reached XP level 10. HP: 65/86 MP: 21/21
  9331 | D:9      | Noticed a two-headed ogre
  9385 | D:9      | Killed a two-headed ogre
  9849 | D:10     | Entered Level 10 of the Dungeon
 10094 | D:10     | Found a staircase to the Lair.
 10830 | D:11     | Noticed a red ugly thing
 10835 | D:11     | Noticed a cyclops
 10963 | D:11     | Noticed a boulder beetle
 11054 | D:11     | Noticed Psyche
 11058 | D:11     | Killed Psyche
 11119 | D:11     | Reached skill level 8 in Fighting
 11208 | D:11     | HP: 3/88 [boulder beetle (19)]
 11209 | D:11     | Killed a boulder beetle
 11493 | Lair:1   | Entered Level 1 of the Lair of Beasts
 11674 | Lair:1   | Reached XP level 11. HP: 57/94 MP: 23/23
 11714 | Lair:1   | Found a transporter.
 11717 | Lair:1   | Noticed Curundu's ghost (journeyman MiBe)
 11718 | Lair:1   | Noticed a six-headed hydra
 11721 | Lair:1   | Noticed a boulder beetle
 11753 | Lair:1   | Found a transporter.
 12029 | Lair:1   | Reached skill level 1 in Alchemy
 12151 | Lair:1   | Identified the +1 battleaxe of Enich {flame, rPois rF++
                  | Int+4}
 12273 | Lair:1   | Reached skill level 5 in Conjurations
 12550 | Lair:2   | Found a gate leading to a gauntlet.
 12568 | Gauntlet | Entered a Gauntlet
 12568 | Gauntlet | Found a transporter.
 12570 | Gauntlet | Noticed a reaper
 12579 | Gauntlet | Found a transporter.
 12591 | Gauntlet | Found a transporter.
 12591 | Gauntlet | Noticed a glowing orange brain
 12595 | Gauntlet | Found a transporter.
 12609 | Gauntlet | Found a transporter.
 12625 | Gauntlet | Found a transporter.
 12630 | Gauntlet | Noticed a quicksilver ooze
 12634 | Gauntlet | Found a large runed translucent door.
 12634 | Gauntlet | Found a large runed translucent door.
 12634 | Gauntlet | Noticed a glowing orange brain
 12635 | Gauntlet | Found a large runed translucent door.
 12635 | Gauntlet | Found a large runed translucent door.
 12636 | Gauntlet | Found a large runed translucent door.
 12636 | Gauntlet | Found a large runed translucent door.
 12636 | Gauntlet | Noticed a glowing orange brain
 12637 | Gauntlet | Found a runed translucent gate.
 12637 | Gauntlet | Found a runed translucent door.
 12638 | Gauntlet | Found a transporter.
 12638 | Gauntlet | Found a runed translucent gate.
 12639 | Gauntlet | Found a runed translucent gate.
 12640 | Gauntlet | Found a large runed translucent door.
 12641 | Gauntlet | Found a large runed translucent door.
 12642 | Gauntlet | Found a large runed translucent door.
 12642 | Gauntlet | Found a large runed translucent door.
 12651 | Gauntlet | Found a large runed translucent door.
 12651 | Gauntlet | Found a large runed translucent door.
 12651 | Gauntlet | Found a runed translucent door.
 12652 | Gauntlet | Found a large runed translucent door.
 12653 | Gauntlet | Found a large runed translucent door.
 12655 | Gauntlet | Found a transporter.
 12663 | Gauntlet | Learned a level 4 spell: Flame Wave
 12664 | Gauntlet | Found a transporter.
 12667 | Gauntlet | Found a large runed translucent door.
 12667 | Gauntlet | Found a large runed translucent door.
 12672 | Gauntlet | Found a transporter.
 12691 | Gauntlet | Found a transporter.
 12693 | Gauntlet | Found a transporter.
 12784 | Gauntlet | HP: 2/95 [poisoned by a meliai]
 12797 | Gauntlet | Identified the ring of Mistrust {Will+ AC+4 Str-5 Dex+9}
 12877 | Gauntlet | Killed a glowing orange brain
 12878 | Gauntlet | Reached skill level 9 in Fighting
 12878 | Gauntlet | Killed a glowing orange brain
 12885 | Gauntlet | Identified the +2 hat of the Big Bang {Str+6}
 13085 | Gauntlet | Noticed a minotaur
 13097 | Gauntlet | Slain by a minotaur

Illustrated notes

Levels and vault maps discovered:
D:1:      psy_arrival_whirlpool, layout_loops_ring, amethyst_killhole,
          minivault_11, moated_statue
D:2:      minmay_inner_zag, layout_basic, basic_altar, minmay_domino_2
D:3:      kennysheep_six_static_rooms, layout_basic, serial_shops, shop,
          minmay_misc_feat_encased
D:4:      layout_rooms, general_overflow_altar, nicolae_overflow_crystal_walls,
          nicolae_ossuary_entry_catacombs, serial_shops, shop, minivault_27
D:5:      layout_loops_ring, lemuel_tele_altar, serial_bayou_lagoon_a
D:6:      layout_basic, ashenzari_altar_1, minmay_temple_entry_poolview
D:7:      layout_layer_cave, gammafunk_ghost_wrathful_warriors, minivault_1
D:8:      layout_rooms, grunt_temple_overflow_open,
          nicolae_kikubaaqudgha_miasma_corner,
          mainiacjoe_overflow_cross_hatched, lemuel_round_altar, serial_bayou,
          serial_bayou_crossing, serial_bayou_pond_a, serial_bayou_ford_a,
          serial_bayou_shore_a, minmay_misc_feat_pillars, hangedman_misty_isle
D:9:      layout_basic
D:10:     layout_basic, mainiacjoe_overflow_paths, lair_entry_dummy,
          kennysheep_cross_room, nicolae_elevator_lobby_asterisk
D:11:     layout_rooms, uniq_psyche
Lair:1:   layout_chaotic_city, gammafunk_ghost_arena
Lair:2:   layout_regular_city, gauntlet_entry_generic, uniq_nergalle
Gauntlet: minmay_gauntlet_mixed_oops_all_seconds
          [minmay_gauntlet_arena_77_two_lines, nicolae_gauntlet_arena_x,
          minmay_gauntlet_arena_77_broken_ladder,
          gammafunk_gauntlet_arena_arrow_garden,
          minmay_gauntlet_arena_77_braids,
          minmay_gauntlet_arena_make_your_own_arena,
          dreamdust_gauntlet_exit_labyrinth]

Skill      XL: |  1  2  3  4  5  6  7  8  9 10 11 |
---------------+----------------------------------+-----
Conjurations   | 1 2 3 4 5 |  5.9
Spellcasting   | 2 3 4 5 6 |  6.8
Fire Magic     | 3 4 5 6 8 |  8.4
Axes           | 1 2 3 4 6 7 8 |  8.2
Fighting       | 1 3 5 7 8 9 |  9.1
Dodging        | 2 |  2.0
Armour         | 1 3 |  3.0
Alchemy        | 2 |  2.0
Stealth        | |  1.7

Action                     |  1- 3 |  4- 6 |  7- 9 | 10-12 || total
---------------------------+-------+-------+-------+-------++-------
  Melee: Short sword       |    84 |     8 |       |       ||    92
         Unarmed           |     3 |       |       |       ||     3
         Hand axe          |       |    63 |   139 |   127 ||   329
         Punch             |       |       |     1 |     1 ||     2
  Throw: Dart              |       |     2 |       |    12 ||    14
   Cast: Foxfire           |    28 |     3 |    26 |    23 ||    80
         Scorch            |    13 |    53 |    95 |   122 ||   283
         Flame Wave        |       |       |       |     3 ||     3
  Evoke: Wand              |       |       |       |     1 ||     1
    Use: Scroll            |       |     4 |     8 |     3 ||    15
         Potion            |       |     1 |       |     9 ||    10
   Stab: Sleeping          |     5 |    11 |     2 |       ||    18
 Armour: Robe              |    56 |    41 |    95 |       ||   192
         Leather armour    |       |       |    33 |    68 ||   101
         Acid dragon scale |       |       |       |   135 ||   135
  Dodge: Dodged            |    57 |    42 |    89 |   129 ||   317
